[Event "*** Titled Tuesday Blitz"]
[Site "Chess.com"]
[Date "2020.10.27"]
[Round "4"]
[White "Miss_JJ20"]
[Black "pirulillo"]
[Result "1-0"]
[WhiteElo "2449"]
[BlackElo "2207"]
[TimeControl "180+1"]
[EndTime "10:39:50 PDT"]
[Termination "Miss_JJ20 won by checkmate"]

1. d4 Nf6 2. Nf3 g6 3. Bg5 Bg7 4. Nbd2 d5 5. e3 O-O 6. Be2 b6 7. O-O Bb7 8. a4 a5 9. h3 Nbd7 10. c4 dxc4 11. Bxc4 h6 12. Bf4 c5 13. Re1 Ne4 14.
Rc1 Rc8 15. Qb3 Nxd2 16. Nxd2 cxd4 17. exd4 Nf6 18. Be5 e6 19. Nf1 Nd5 20. Ne3 Nxe3 21. Rxe3 Bxe5 22. dxe5 Bd5 23. Rec3 Bxc4 24. Rxc4 Rxc4 25.
Qxc4 Qd7 26. b3 Rd8 27. Qf4 Qd2 28. Qxd2 Rxd2 29. Rc6 Rd5 30. Rxb6 Rxe5 31. Rb5 Re1+ 32.
Kh2 Rb1 33. f4 Kg7 34. Kg3 h5 35. Kf3 Kf6 36. g4 hxg4+ 37. hxg4 Kg7 38. Ke4 Rb2 39.
Ke5 g5 40. fxg5 Kg6 41. Kd6 Rd2+ 42. Kc6 Rg2 43. Rxa5 Rxg4 44. Rb5 Rxg5 45. a5 Rg1 46.
a6 Ra1 47. Kb6 f5 48. Ra5 Rb1 49. a7 Rxb3+ 50. Ka6 Re3 51. a8=Q Re4 52. Qg8+ Kf6 53. Qf8+ Kg5 54. Kb6 Kf4 55. Kc5 e5 56. Ra3 Kg5 57.
Qg7+ Kh4 58. Qh6+ Kg4 59. Qh3+ Kg5 60. Rg3+ Kf6 61. Qh6+ Ke7 62. Rg7+ Ke8 63. Qh8# 1-0

[Event "*** Titled Tuesday Blitz"]
[Site "Chess.com"]
[Date "2020.10.27"]
[Round "4"]
[White "Iskusnyh"]
[Black "vugarrasulov"]
[Result "0-1"]
[WhiteElo "2557"]
[BlackElo "2858"]
[TimeControl "180+1"]
[EndTime "10:39:51 PDT"]
[Termination "vugarrasulov won on time"]

1. d4 Nf6 2. c4 e6 3. g3 c5 4. Nf3 d5 5. cxd5 exd5 6. Bg2 Nc6 7. O-O Be7 8. dxc5 O-O 9. a3 a5 10. Nc3 Bxc5 11. Bg5 d4 12. Ne4 Be7 13. Bxf6 Bxf6 14.
Rc1 Re8 15. Nxf6+ Qxf6 16. Qd2 Bg4 17. Rfe1 Rad8 18. h3 Bh5 19. Rc5 Bg6 20. Qf4 Qxf4 21. gxf4 Be4 22. Ne5 Nxe5 23. fxe5 b6 24. Rb5 Bxg2 25.
Kxg2 Re6 26. Rd1 h5 27. Rd3 Kh7 28. e3 dxe3 29. Rxe3 Rd2 30. Reb3 h4 31. Rxb6 Rxe5 32.
R3b5 Rxb5 33. Rxb5 Kg6 34. Rxa5 Rxb2 35. Ra4 Kh5 36. Rf4 f6 37. a4 Ra2 38. Rb4 g5 39.
Kf3 f5 40. Kg2 Ra3 41. Rb5 f4 42. a5 Ra1 43. Rf5 Ra2 44. Kg1 Kg6 45. Rb5 Kf6 46. Rc5 Ra3 47. Rb5 Rxh3 48. a6 Ra3 49. Rb6+ Kf5 50. Rd6 Kg4 51. Kg2 h3+ 52. Kh2 Ra2 53.
Kg1 h2+ 54. Kh1 Rxf2 55. a7 Ra2 56. Rd7 Kg3 57. Rd1 Rxa7 58. Rd3+ f3 59. Rd1 Ra2 60.
Rf1 Ra3 61. Rb1 g4 62. Rf1 Re3 63. Rd1 f2 64. Rf1 Re1 0-1

[Event "*** Titled Tuesday Blitz"]
[Site "Chess.com"]
[Date "2020.10.27"]
[Round "4"]
[White "Yoshikrov"]
[Black "garfio2017"]
[Result "1-0"]
[WhiteElo "2135"]
[BlackElo "2278"]
[TimeControl "180+1"]
[EndTime "10:39:53 PDT"]
[Termination "Yoshikrov won by resignation"]

1. e4 c6 2. d4 d5 3. exd5 cxd5 4.
c4 e6 5. Nc3 Nf6 6. Bg5 Be7 7.
Nf3 O-O 8. c5 h6 9. Bh4 Nc6 10.
Bb5 Ne4 11. Bxe7 Qxe7 12. O-O Nxc3 13. bxc3 Bd7 14. Re1 Rac8 15. Rb1 a6 16. Bd3 Rfe8 17. Rxb7 Qd8 18. Ne5 Nxe5 19. Rxe5 Bc6 20. Rb6 a5 21.
Rxc6 Rxc6 22. Bb5 Rc8 23. Bxe8 Qxe8 24. h3 Rb8 25. Re2 a4 26. Qc1 Qb5 27. Rc2 Qb1 28.
Kh2 a3 29. c4 dxc4 30. Rxc4 Kf8 31. Qxa3 Qe4 32. c6+ Kg8 33. Qg3 Rc8 34. c7 f5 35.
a4 f4 36. Qf3 Qf5 37. Qb7 e5 38. dxe5 Kh7 39. Qe4 Qxe4 40. Rxe4 Rxc7 41. Rxf4 Re7 42. Re4 Kg6 43. g4 Kg5 44. Kg3 Ra7 45. f4+ Kg6 46. f5+ Kf7 47. Kf4 Rc7 48. h4 Rc1 49. e6+ Ke7 50. Rb4 Rf1+ 51. Ke5 Re1+ 52. Kd5 Rd1+ 53.
Kc5 Rc1+ 54. Kb5 Rc8 55. a5 Rb8+ 56. Ka4 Ra8 57. Rb7+ Kf8 58. Kb5 Kg8 59. a6 Rc8 60. Kb6 Kh7 61. a7 1-0

[Event "*** Titled Tuesday Blitz"]
[Site "Chess.com"]
[Date "2020.10.27"]
[Round "4"]
[White "Quiet_Desperation"]
[Black "Quattroporte300"]
[Result "1-0"]
[WhiteElo "2009"]
[BlackElo "2239"]
[TimeControl "180+1"]
[EndTime "10:39:53 PDT"]
[Termination "Quiet_Desperation won on time"]

1. e4 c5 2. Nf3 d6 3. d4 cxd4 4. Nxd4 Nf6 5. Nc3 a6 6. Bg5 Nbd7 7. Nb3 e5 8. a4 Be7 9. Be3 b6 10. g3 Bb7 11. Bg2 O-O 12. O-O Rc8 13. Rc1 Rc4 14.
Nd2 Rc7 15. Nd5 Nxd5 16. exd5 f5 17. f4 e4 18. Nb3 Qa8 19. c4 Rfc8 20. Qe2 Nc5 21.
Nxc5 bxc5 22. g4 fxg4 23. Qxg4 Re8 24. Kh1 Bf6 25. Rc2 Qc8 26. f5 Qd7 27. b3 Bc8 28. Bh3 Qf7 29. Rg2 Rb7 30. Qd1 Kh8 31. Rfg1 Qf8 32.
Bg4 Bd7 33. Rf1 Reb8 34. Bh5 Rxb3 35. Bf4 Rd3 36. Qg4 Rdb3 37. Rfg1 Rb1 38. Qg3 Rxg1+ 39. Rxg1 Rb6 40. Bg6 Bd4 41. Qh4 Qg8 42. Re1 e3 43. Bxe3 Bxe3 44. Rxe3 Rb1+ 45. Kg2 Rb2+ 46. Kg1 h6 47. Qe7 Rb1+ 48. Kf2 Bxa4 49. Qxd6 Rb2+ 50. Kg3 Qb8 51. Qxb8+ Rxb8 52. Re7 Kg8 53. Ra7 Bb3 54. Rxa6 Bxc4 55. Rd6 Kf8 56. Rd7 Rb3+ 57. Kf4 Rd3 58. d6 Bb5 59. Rd8+ 1-0

[Event "*** Titled Tuesday Blitz"]
[Site "Chess.com"]
[Date "2020.10.27"]
[Round "4"]
[White "Onischuk_V"]
[Black "Msb2"]
[Result "1-0"]
[WhiteElo "2795"]
[BlackElo "2910"]
[TimeControl "180+1"]
[EndTime "10:39:54 PDT"]
[Termination "Onischuk_V won by resignation"]

1. e4 e6 2. d4 d5 3. Bd3 dxe4 4. Bxe4 Nf6 5. Bf3 c5 6. Ne2 Be7 7. Nbc3 O-O 8. d5 exd5 9. Nxd5 Nxd5 10. Qxd5 Nc6 11. Qxd8 Rxd8 12. Bxc6 bxc6 13. Bd2 Ba6 14. Nc3 Rxd2 15. Kxd2 Bg5+ 16. f4 Bxf4+ 17. Ke1 f5 18. Rd1 Be3 19. Rd7 Bc4 20. b3 Ba6 21. Kd1 Bf2 22.
Ne2 Re8 23. c4 Bc8 24. Rd6 f4 25. Rf1 Be3 26. Nxf4 Bg4+ 27. Kc2 Bf5+ 28. Nd3 Bg6 29.
Re1 Re4 30. Rxg6 hxg6 31. Nxc5 Re7 32. Nd3 Kf7 33. Nb4 Bb6 34. Rxe7+ Kxe7 35. Nxc6+ Kd6 36. Nb4 Bg1 37. h3 Ke5 38. Kd3 Kf4 39. Ke2 Ke4 40. Nc2 a5 41. a3 Ba7 42. b4 a4 43. c5 Bb8 44. b5 Kd5 45. Nb4+ Kc4 46. Na6 Bg3 47. c6 Kxb5 48. c7 Bxc7 49. Nxc7+ Kc4 50. Kd2 g5 51. g3 Kb3 52. Nb5 Kc4 53. Nc3 Kb3 54. Ne4 Kxa3 55. Kc3 g4 56. hxg4 Ka2 57. g5 a3 58. Kc2 Ka1 59. Nd2 Ka2 60. Nc4 g6 61. g4 Ka1 62. Nxa3 Ka2 63. Nc4 Ka1 64.
Ne5 Ka2 65. Nxg6 Ka3 66. Nf4 Kb4 67. g6 Kc4 68. g7 Kd4 69. g8=Q Ke5 1-0

[Event "*** Titled Tuesday Blitz"]
[Site "Chess.com"]
[Date "2020.10.27"]
[Round "4"]
[White "Unknown_IM"]
[Black "NotFischer"]
[Result "1-0"]
[WhiteElo "2344"]
[BlackElo "2130"]
[TimeControl "180+1"]
[EndTime "10:39:54 PDT"]
[Termination "Unknown_IM won by resignation"]

1. e4 d5 2. exd5 Nf6 3. Nf3 Bg4 4. Be2 Qxd5 5. O-O Nc6 6. h3 Bxf3 7. Bxf3 Qd7 8. d4 O-O-O 9. Be3 e5 10. dxe5 Qxd1 11. Rxd1 Rxd1+ 12. Bxd1 Nxe5 13. Nd2 Be7 14. Be2 a6 15.
Nc4 Nc6 16. Bf3 Nb4 17. c3 Nc2 18. Rd1 Nxe3 19. Nxe3 Rd8 20. Kf1 Rxd1+ 21. Bxd1 Nd7 22. Bb3 f6 23. Nf5 Bf8 24. Bg8 h6 25. Nh4 Ne5 26.
Ke2 g5 27. Nf5 Kd7 28. g4 Ng6 29. Bb3 Nf4+ 30. Kf3 Nxh3 31. Bc2 Nf4 32. a4 b5 33. axb5 axb5 34. Bb1 c5 35. b3 Kc6 36. Be4+ Kb6 37.
Ke3 h5 38. gxh5 Nxh5 39. c4 Nf4 40. Bd3 Nxd3 41. Kxd3 b4 42. Ke4 Kc6 43. Ne3 Kd6 44. Kf5 Be7 45. Nd5 Bd8 46. Nxf6 Bxf6 47. Kxf6 g4 48.
Kf5 g3 49. fxg3 Ke7 50. Kg6 Ke6 51. g4 Ke5 52. g5 Kd4 53. Kf7 Kc3 54. g6 Kxb3 55.
g7 Ka2 56. g8=Q b3 57. Qa8+ Kb1 58. Qc6 b2 59. Qxc5 Kc1 60. Qb4 b1=Q 61. Qxb1+ Kxb1 62. c5 1-0

[Event "*** Titled Tuesday Blitz"]
[Site "Chess.com"]
[Date "2020.10.27"]
[Round "4"]
[White "Manukyan_Artak"]
[Black "poppy73"]
[Result "1-0"]
[WhiteElo "2421"]
[BlackElo "2224"]
[TimeControl "180+1"]
[EndTime "10:39:55 PDT"]
[Termination "Manukyan_Artak won by resignation"]

1. e4 c5 2. Nf3 d6 3. Bb5+ Nd7 4. O-O a6 5. Bd3 Ngf6 6. Re1 g6 7. c3 Bh6 8. a4 Ne5 9. Be2 O-O 10. d4 Nxf3+ 11.
Bxf3 Bxc1 12. Qxc1 e5 13. dxe5 dxe5 14. Qg5 Qe7 15.
Nd2 Kg7 16. Nc4 Re8 17. a5 h6 18. Qe3 Bd7 19. Rad1 Bb5 20. Nd6 Red8 21. Qxc5 Rd7 22. b4 Rad8 23. Nxb5 Rxd1 24. Rxd1 Rxd1+ 25. Bxd1 Qxc5 26. bxc5 axb5 27. f3 Nd7 28. Be2 Nxc5 29. Bxb5 Kf6 30.
Kf2 Ke7 31. Ke3 Kd6 32. h4 g5 33. hxg5 hxg5 34. Kf2 f6 35. Kg3 Nb3 36. a6 bxa6 37. Bxa6 Nc5 38. Bc4 Ke7 39. Bd5 Kd6 40. Kg4 Nd3 41. Kg3 Ke7 42. Kh2 Kd6 43. Kg1 Kc5 44. c4 Nb2 45. Kf2 Nxc4 46. Bxc4 Kxc4 47. Kg3 Kc5 48.
Kg4 Kd6 49. Kf5 Ke7 50. Kg6 Ke6 51. Kg7 Ke7 52. Kg8 Ke8 53. Kh7 Kf7 54. Kh6 Ke6 55.
Kg6 Ke7 56. Kg7 Ke6 57. Kf8 f5 58. Kg7 g4 59. Kg6 fxe4 60. fxe4 Kd6 61. Kf5 g3 62. Kg4 Kc5 63. Kxg3 Kd4 64. Kf3 Kd3 65. g4 1-0

[Event "*** Titled Tuesday Blitz"]
[Site "Chess.com"]
[Date "2020.10.27"]
[Round "4"]
[White "TioCridineno"]
[Black "Arfan48"]
[Result "0-1"]
[WhiteElo "2223"]
[BlackElo "2423"]
[TimeControl "180+1"]
[EndTime "10:39:55 PDT"]
[Termination "Arfan48 won by resignation"]

1. e4 c6 2. c4 d5 3. exd5 cxd5 4. cxd5 Nf6 5. Nc3 Nxd5 6. Nf3 g6 7. Bc4 Nxc3 8. Qb3 e6 9. bxc3 Nc6 10. Bb5 Bd7 11. O-O Bd6 12. d4 O-O 13. Bh6 Re8 14. Rfd1 Na5 15. Qa4 Bxb5 16. Qxb5 Rc8 17. Rac1 a6 18.
Qe2 Nc4 19. h3 Qa5 20. h4 Qd5 21. Re1 b5 22. g3 a5 23. Nh2 f5 24. Nf3 Rc6 25. h5 a4 26. hxg6 hxg6 27. Ng5 Ba3 28. Rc2 Bf8 29. Bxf8 Kxf8 30. f3 Kg7 31. Nh3 e5 32.
Qf2 Rcc8 33. Ng5 exd4 34. cxd4 Kf6 35. Rce2 Rxe2 36. Rxe2 Kxg5 37. Re7 Kf6 38. Qe2 Qxd4+ 39. Kg2 Qd2 40. Qxd2 Nxd2 41. Rb7 Rc2 42. Rxb5 Nc4+ 43.
Kg1 Rxa2 44. Rb4 Ne5 45. Rb6+ Kg7 46. f4 Nf3+ 47. Kf1 a3 48. Rb7+ Kh6 49. Rb8 Nd2+ 50. Ke2 Ne4+ 51. Kf3 Rb2 52. Ra8 a2 53. g4 Rf2+ 54.
Ke3 Rb2 55. g5+ Kh5 56. Rh8+ Kg4 57. Ra8 Rb3+ 58. Kd4 Kxf4 59. Kd5 Kxg5 60. Ke5 Rd3 61. Rxa2 Rd5+ 62. Kxd5 Nc3+ 0-1

[Event "*** Titled Tuesday Blitz"]
[Site "Chess.com"]
[Date "2020.10.27"]
[Round "4"]
[White "Casper_Schoppen"]
[Black "Dedic8"]
[Result "1/2-1/2"]
[WhiteElo "2956"]
[BlackElo "2802"]
[TimeControl "180+1"]
[EndTime "10:39:57 PDT"]
[Termination "Game drawn - insufficient material"]

1. c4 c5 2. Nf3 Nf6 3. g3 d5 4. cxd5 Nxd5 5. Bg2 Nc6 6. d4 cxd4 7. Nxd4 Ndb4 8. Nxc6 Qxd1+ 9. Kxd1 Nxc6 10. Nc3 Bd7 11. Be3 O-O-O 12. Kc2 Bf5+ 13. Be4 Bxe4+ 14. Nxe4 h6 15.
Rhd1 Rxd1 16. Rxd1 e6 17. a3 Be7 18. b4 Rd8 19.
Rxd8+ Kxd8 20. b5 Ne5 21. Kb3 b6 22. Bd4 Bf6 23. Nxf6 gxf6 24. f4 Nd7 25. g4 Ke7 26. Kc4 Kd6 27. e4 Ke7 28. h4 Kf8 29. h5 Ke7 30. a4 Kf8 31. a5 Ke7 32. a6 Kf8 33. Be3 Kg7 34. Kd4 Kh7 35. e5 fxe5+ 36. fxe5 Kg7 37.
Ke4 Kh7 38. Kf4 Kg7 39. g5 Kh7 40. Ke4 hxg5 41. Bxg5 Kg7 42. Be3 Kh7 43. Kf4 Kg7 44. Kg5 Kh7 45. h6 Kg8 46. Bxb6 Nxb6 47. Kf6 Nd5+ 48. Kg5 Nc7 49. Kf6 Nxb5 50. h7+ Kxh7 51. Kxf7 Nc7 52. Ke7 Kg7 53. Kd6 Nxa6 54. Kxe6 Nc7+ 55.
Kd6 a5 56. Kxc7 a4 57. e6 a3 58. e7 a2 59. e8=Q a1=Q 60. Qd7+ Kg6 61. Qg4+ Kh6 62. Qh4+ Kg6 63. Qe4+ Kh6 64. Qf4+ Kg6 65. Qd6+ Qf6 66.
Kd7 Qxd6+ 67. Kxd6 1/2-1/2

[Event "*** Titled Tuesday Blitz"]
[Site "Chess.com"]
[Date "2020.10.27"]
[Round "4"]
[White "Andreikka"]
[Black "OK97"]
[Result "1/2-1/2"]
[WhiteElo "2919"]
[BlackElo "2790"]
[TimeControl "180+1"]
[EndTime "10:39:58 PDT"]
[Termination "Game drawn by repetition"]

1. e4 c5 2. Nf3 d6 3. d4 cxd4 4. Nxd4 Nf6 5. Nc3 Nc6 6. Bg5 Bd7 7. Qd3 Rc8 8. O-O-O Qb6 9. Be3 Nb4 10. Qe2 Rxc3 11. bxc3 Nxa2+ 12. Kd2 Nxe4+ 13. Ke1 Naxc3 14. Nb3 Qc7 15. Qc4 Qxc4 16. Bxc4 Nxd1 17. Kxd1 b6 18. f3 Nf6 19. Ke2 d5 20. Bd3 e5 21. Ra1 d4 22.
Bg5 a5 23. Nd2 Bd6 24. Nc4 Bc7 25. Rb1 Nd5 26. Bd2 Ke7 27. Be4 Nb4 28. Bxb4+ axb4 29. Rxb4 Rb8 30. g4 g6 31. g5 b5 32. Nd2 Bd6 33.
Rb1 h6 34. h4 hxg5 35. hxg5 Rh8 36. Ra1 Rh2+ 37. Kd3 Bb4 38. Nb3 Be6 39. Ra7+ Kf8 40. Rc7 Bc4+ 41. Rxc4 bxc4+ 42. Kxc4 Bd6 43. Kd5 Ke7 44. Na5 Kd7 45. Nc4 Bc7 46. Nxe5+ Bxe5 47. Kxe5 Rd2 48. Bd3 Rf2 49. f4 Ke7 50. Be4 Rf1 51.
Bd3 Rf2 52. Be4 Kd7 53. Bd3 Rf3 54. Be4 Rf1 55. Bd5 Ke7 56. Bc4 Rf2 57. Bd3 Rf3 58.
Be4 Rf2 59. Bd3 Kd7 60. Be4 Ke7 61. Bd3 1/2-1/2

[Event "*** Titled Tuesday Blitz"]
[Site "Chess.com"]
[Date "2020.10.27"]
[Round "4"]
[White "Neftegor"]
[Black "Fortitudine"]
[Result "0-1"]
[WhiteElo "2452"]
[BlackElo "2302"]
[TimeControl "180+1"]
[EndTime "10:39:58 PDT"]
[Termination "Fortitudine won by checkmate"]

1. Nf3 c5 2. c4 Nf6 3. Nc3 g6 4. g3 Bg7 5. Bg2 O-O 6. d4 cxd4 7. Nxd4 Nc6 8. Nc2 d6 9. O-O Be6 10. b3 Qd7 11. Bb2 Bh3 12. Rc1 Bxg2 13. Kxg2 e6 14.
Ne3 Rfd8 15. Qd2 Ne5 16. Rfd1 Qc6+ 17. Kg1 Ne4 18. Nxe4 Qxe4 19. Bc3 Bh6 20. f4 f5 21. Qd4 Qxd4 22. Rxd4 Nc6 23. Rd2 Bf8 24. Rcd1 a5 25.
a4 Rd7 26. Nc2 Rad8 27. Kf2 Kf7 28. Na3 Be7 29. Nb5 d5 30. cxd5 Rxd5 31. Rxd5 exd5 32. e3 Ke6 33. Nc7+ Kf7 34. Nb5 Bb4 35. Bb2 Ke6 36. Ke2 Rd7 37. Rd3 Bc5 38. Kf3 b6 39. h4 h5 40. Rd1 Nb4 41. Bd4 Nc6 42. Bxc5 bxc5 43. Rc1 c4 44. bxc4 d4 45. Rd1 d3 46.
Rd2 Nb4 47. Nd4+ Kd6 48. e4 Kc5 49. Ne6+ Kxc4 50. exf5 gxf5 51. Rd1 Kc3 52. Nc5 Rd5 53. Ne6 Kc2 54. Ra1 d2 55. Nc7 Rd3+ 56. Kg2 d1=Q 57.
Ra2+ Nxa2 58. Nb5 Qd2+ 59. Kh3 Qe1 60. Na3+ Kb2 61. Nc4+ Ka1 62. Ne3 Qh1# 0-1

[Event "*** Titled Tuesday Blitz"]
[Site "Chess.com"]
[Date "2020.10.27"]
[Round "4"]
[White "PowerThinking2650"]
[Black "nubair1198"]
[Result "0-1"]
[WhiteElo "2386"]
[BlackElo "2825"]
[TimeControl "180+1"]
[EndTime "10:40:01 PDT"]
[Termination "nubair1198 won on time"]

1. e4 Nf6 2. e5 Nd5 3. d4 d6 4.
Nf3 Nb6 5. c4 g6 6. exd6 cxd6 7.
Nc3 Bg7 8. Be2 O-O 9. Be3 Nc6 10. c5 dxc5 11. dxc5 Nd7 12. O-O Qa5 13. a3 Bxc3 14.
bxc3 Nxc5 15. Qd5 Na4 16. Qxa5 Nxa5 17. Rac1 Bg4 18. h3 Bxf3 19. Bxf3 Rfc8 20. Rfd1 Nc5 21. Rd5 Nab3 22. Rcd1 a5 23. Bh6 f6 24. h4 Kf7 25.
Be3 Ra6 26. Bg4 f5 27. Bf3 Rac6 28. Rd8 Rxd8 29. Rxd8 Ne4 30. Rb8 Rc7 31. Bf4 Rd7 32. Be2 e6 33. f3 Nxc3 34. Bc4 Nd2 35. Bxd2 Rxd2 36. Rxb7+ Kf6 37. Rb6 Nd5 38. Ra6 f4 39. Bxd5 Rxd5 40. a4 h6 41. Kh2 Rh5 42. Kg1 Rd5 43. Kf2 g5 44. hxg5+ hxg5 45. Ra7 Ke5 46. Ra6 Kf5 47. Kf1 Re5 48. Kf2 Rc5 49. Kf1 Ke5 50. Kf2 Kd5 51. Kf1 e5 52. Rg6 Rc4 53. Rxg5 Rxa4 54.
Rg8 Ra1+ 55. Kf2 Ra2+ 56. Kf1 Kd4 57. Re8 a4 58. Ra8 Ke3 59. Kg1 Ra1+ 60. Kh2 a3 61. Ra5 Kd4 62. Ra4+ Kc3 63. Ra5 Kb4 64. Rxe5 Rc1 65.
Re4+ Rc4 66. Re8 Kb3 0-1

[Event "*** Titled Tuesday Blitz"]
[Site "Chess.com"]
[Date "2020.10.27"]
[Round "4"]
[White "TokChess"]
[Black "chessdjw"]
[Result "1/2-1/2"]
[WhiteElo "2437"]
[BlackElo "2642"]
[TimeControl "180+1"]
[EndTime "10:40:02 PDT"]
[Termination "Game drawn by repetition"]

1. c4 g6 2. Nc3 Bg7 3. g3 Nf6 4. Bg2 O-O 5. e4 d6 6. Nge2 e5 7. O-O Nc6 8. d3 Nd7 9. h3 Nc5 10. Be3 Ne6 11. Kh2 a6 12. Qd2 Rb8 13. Rac1 Bd7 14.
Nd5 b5 15. cxb5 axb5 16. f4 exf4 17. Nexf4 Ncd4 18. Rf2 c6 19. Nxe6 Bxe6 20. Bg5 f6 21. Be3 f5 22. Nf4 Bxa2 23. b4 Bf7 24. exf5 Nb3 25.
Qd1 Nxc1 26. Qxc1 Rc8 27. fxg6 hxg6 28. h4 d5 29. Qd1 Re8 30. Bc5 Ra8 31. Qg4 Qc8 32. Qg5 Qf5 33. Qxf5 gxf5 34. Nh3 Ra3 35. Rxf5 Rxd3 36. Rf2 Ra8 37. Ng5 Bg6 38. Bh3 Rda3 39. Be6+ Kh8 40. Nf7+ Bxf7 41. Rxf7 d4 42. Kh3 d3 43.
Rd7 Re8 44. Bf5 Be5 45. Rxd3 Rxd3 46. Bxd3 Kg7 47. Bf5 Rd8 48. g4 Rd1 49. Be4 Rd2 50.
g5 Re2 51. Bxc6 Rh2+ 52. Kg4 Bc3 53. Bxb5 Be1 54. h5 Rh4+ 55. Kf5 Rxh5 56. Bd4+ Kh7 57.
Be8 Rh1 58. g6+ Kh6 59. Be3+ Kg7 60. Bd4+ Kh6 61. Be3+ Kg7 62. Bd4+ Kh6 1/2-1/2

[Event "*** Titled Tuesday Blitz"]
[Site "Chess.com"]
[Date "2020.10.27"]
[Round "4"]
[White "suyu28"]
[Black "MFBerna"]
[Result "1-0"]
[WhiteElo "2614"]
[BlackElo "2364"]
[TimeControl "180+1"]
[EndTime "10:40:03 PDT"]
[Termination "suyu28 won by resignation"]

1. e4 c6 2. d4 d5 3. e5 c5 4. dxc5 e6 5. a3 Bxc5 6. b4 Bb6 7. Bb2 Nc6 8. Nf3 Nge7 9. Bd3 Ng6 10. O-O a5 11. b5 Nce7 12. Re1 O-O 13. Nbd2 a4 14. c4 Nf4 15. Bf1 Nf5 16. g3 Ng6 17.
Rc1 Ba5 18. c5 Bd7 19. Bd3 Qe7 20. h4 Rfc8 21. Qc2 Qe8 22. Bxf5 exf5 23. Nd4 Rxc5 24. Qxc5 Bxd2 25. f4 Ne7 26. e6 fxe6 27. Nxe6 Qg6 28.
Ng5 Bxc1 29. Qxe7 Bxb2 30. Qxd7 h6 31. Qxd5+ Kh8 32. Kg2 hxg5 33. hxg5 Qh5 34. Rh1 Qxh1+ 35. Kxh1 Bxa3 36. Qxf5 Bb2 37. g6 a3 38. Qh3+ Kg8 39. Qh7+ Kf8 40. Qh8+ Ke7 41. Qxa8 b6 42. g4 Ke6 43. Kg2 Kd6 44. Kf3 Kc5 45. Qa4 Kd5 46. g5 Kc5 47. Kg4 Kd5 48. f5 Kc5 49. Qc2+ Kxb5 50.
Qb3+ Kc5 51. Kf4 Bc1+ 52. Ke5 Bb2+ 53. Ke6 b5 54. f6 gxf6 55. gxf6 a2 56. Qxa2 Bxf6 57.
Kxf6 Kb4 58. g7 Kc3 59. g8=Q Kb4 60. Qgb3+ Kc5 61. Qac2+ Kb6 62. Qb4 1-0

[Event "*** Titled Tuesday Blitz"]
[Site "Chess.com"]
[Date "2020.10.27"]
[Round "4"]
[White "parintele_chess"]
[Black "ExtremeLearner"]
[Result "0-1"]
[WhiteElo "2138"]
[BlackElo "2361"]
[TimeControl "180+1"]
[EndTime "10:40:03 PDT"]
[Termination "ExtremeLearner won on time"]

1. c4 Nf6 2. g3 g6 3. Bg2 Bg7 4.
Nc3 O-O 5. d3 d6 6. Nf3 e5 7.
O-O Nc6 8. Rb1 Bg4 9. b4 Qd7 10. b5 Nd8 11. Nd2 c6 12. a4 Bh3 13. Nde4 Nxe4 14. Nxe4 Bxg2 15. Kxg2 f5 16. Ng5 h6 17. Nf3 Ne6 18. Ba3 c5 19. a5 b6 20. a6 g5 21. e3 Rae8 22. Bb2 g4 23. Nh4 f4 24. exf4 exf4 25. Qxg4 Qf7 26. f3 fxg3 27. hxg3 Nd4 28. Rbe1 Rxe1 29. Rxe1 Re8 30. Rxe8+ Qxe8 31. Bxd4 cxd4 32.
Nf5 Qe2+ 33. Kh3 Qf1+ 34. Kh4 Qh1+ 35. Qh3 Qxf3 36. Nxg7 Qf6+ 37. Kg4 Kxg7 38. Qg2 Qg5+ 39. Kf3 Qe3+ 40. Kg4 Qe6+ 41. Kf4 Kf6 42. Qe4 Qh3 43. Qxd4+ Kf7 44. Qd5+ Ke7 45. Qb7+ Kf6 46. Qxa7 Qf1+ 47. Ke3 Qe1+ 48. Kf3 Qf1+ 49. Ke3 Qg1+ 50. Kd2 Qf2+ 51. Kc3 Qe1+ 52. Kb3 Qd1+ 53. Kc3 Qa1+ 54. Kb3 Ke5 55. Qxb6 Qb1+ 56. Kc3 Qc1+ 0-1

[Event "*** Titled Tuesday Blitz"]
[Site "Chess.com"]
[Date "2020.10.27"]
[Round "4"]
[White "Juanovic"]
[Black "dosto07"]
[Result "0-1"]
[WhiteElo "2101"]
[BlackElo "2339"]
[TimeControl "180+1"]
[EndTime "10:40:04 PDT"]
[Termination "dosto07 won by resignation"]

1. e4 e5 2. Nf3 Nc6 3. Bb5 a6 4. Ba4 Nf6 5. O-O Be7 6. Re1 b5 7. Bb3 O-O 8. c3 d6 9. h3 Na5 10. Bc2 c5 11. d4 Qc7 12. d5 Nc4 13. b3 Na5 14. Nbd2 c4 15. b4 Nb7 16. a4 Bd7 17.
Nf1 Ne8 18. Ng3 Rb8 19. axb5 axb5 20. Be3 g6 21. Qd2 Ng7 22. Ra7 Ra8 23. Rea1 Rxa7 24. Rxa7 f6 25. Qc1 Rb8 26. Qa3 Qc8 27. Qa6 Ne8 28.
Bb6 Nc7 29. Bxc7 Qxc7 30. h4 Bd8 31. Ra8 Rxa8 32. Qxa8 Qc8 33. Qa7 Bc7 34. h5 Kg7 35. hxg6 hxg6 36. Nh4 Qb8 37. Qa6 Nd8 38. Nf3 Nf7 39. Kf1 Bc8 40. Qa1 Bb6 41. Ke2 Bd7 42.
Nf1 Qa7 43. Qxa7 Bxa7 44. Ne3 Nh6 45. Nh2 f5 46. f3 Kf6 47. g4 f4 48. Nd1 Nf7 49.
Nf2 Ng5 50. Nf1 Bb6 51. Nd2 Be3 52. Nf1 Bc1 53. Nh2 Bb2 54. Kd2 Nf7 55. Bd1 Kg5 56. Kc2 Ba1 57. Nf1 Kh4 58. Be2 Ng5 59. Bd1 Nh3 60.
Nxh3 Kxh3 61. Nd2 Kg2 62. Nb1 g5 63. Na3 Kf2 64. Nb1 Ke1 65. Na3 Bxc3 66. Kxc3 Kxd1 67.
Nc2 Ke2 68. Na3 Kxf3 69. Nxc4 bxc4 70. Kxc4 Kxe4 71. b5 Bxb5+ 72. Kb4 Kxd5 73. Kxb5 f3 0-1

[Event "*** Titled Tuesday Blitz"]
[Site "Chess.com"]
[Date "2020.10.27"]
[Round "4"]
[White "nrvisakh"]
[Black "GigaQuparadze"]
[Result "1-0"]
[WhiteElo "2690"]
[BlackElo "2827"]
[TimeControl "180+1"]
[EndTime "10:40:09 PDT"]
[Termination "nrvisakh won by checkmate"]

1. e4 c5 2. Nf3 Nc6 3. Bb5 g6 4. Bxc6 dxc6 5. d3 Bg7 6. O-O Qc7 7. h3 Nf6 8. Be3 Nh5 9. Nc3 b6 10. Qd2 O-O 11. Bh6 e5 12. Ne2 Bxh6 13. Qxh6 f6 14.
a3 Be6 15. b4 Qe7 16. Rfb1 Rfd8 17. Qe3 g5 18. bxc5 bxc5 19. Rb2 Rab8 20. Rab1 Rxb2 21.
Rxb2 Nf4 22. Nxf4 gxf4 23. Qe2 c4 24. dxc4 Qxa3 25. Rb1 Qc3 26. Rd1 Rb8 27. Rd6 Rb1+ 28. Kh2 Qa1 29. g4 fxg3+ 30. fxg3 Rh1+ 31. Kg2 Bxh3+ 32. Kf2 Rf1+ 33. Ke3 Qa3+ 34. Qd3 Qc5+ 35. Kd2 Rf2+ 36.
Ke1 Rxf3 37. Rd8+ Kg7 38. Qxf3 Qa5+ 39. Rd2 Qa1+ 40. Kf2 Qf1+ 41. Ke3 Qe1+ 42. Re2 Qc3+ 43. Kf2 Qxc4 44. Qe3 c5 45. Qd3 Qb4 46. Rd2 h5 47. c3 Qb3 48. Qd8 Qc4 49. Qe7+ Kg6 50. Rd6 Qf1+ 51. Ke3 Qe1+ 52. Kd3 Bf1+ 53. Kc2 Qxe4+ 54.
Kb2 Qe2+ 55. Ka3 Qf2 56. Qe8+ Kg5 57. Qg8+ Kh6 58. Qh8+ Kg6 59. Qg8+ Kh6 60. Rd7 Bd3 61. Qg7# 1-0

[Event "*** Titled Tuesday Blitz"]
[Site "Chess.com"]
[Date "2020.10.27"]
[Round "4"]
[White "Kavyev_Ruslan"]
[Black "Nemsko"]
[Result "1-0"]
[WhiteElo "2574"]
[BlackElo "2348"]
[TimeControl "180+1"]
[EndTime "10:40:13 PDT"]
[Termination "Kavyev_Ruslan won on time"]

1. e4 e5 2. Nf3 Nc6 3. Bb5 a6 4. Ba4 Nf6 5. O-O Be7 6. Re1 b5 7. Bb3 O-O 8. d4 d6 9. c3 Bg4 10. Be3 Na5 11. Bc2 exd4 12. cxd4 c5 13. b3 Rc8 14.
Nbd2 Nc6 15. d5 Ne5 16. h3 Bh5 17. g4 Bg6 18. Nxe5 dxe5 19. Nf3 Bd6 20. a4 Nxe4 21. axb5 axb5 22. Nd2 Nc3 23. Qc1 Nxd5 24. Ne4 Nxe3 25.
Qxe3 Be7 26. Red1 Qc7 27. Qe2 c4 28. bxc4 bxc4 29. Ra4 f6 30. Rc1 Bf7 31. Bb3 Qd7 32. Bc2 Ra8 33. Rxa8 Rxa8 34. Ng3 Rd8 35. Nf5 Bf8 36.
Qe4 g6 37. Ne3 Qd4 38. Qf3 Qb2 39. Rb1 Qd4 40. Qxf6 e4 41. Qf4 Bd6 42. Qxe4 Qxe4 43.
Bxe4 c3 44. Rc1 Rc8 45. Bd5 Ba3 46. Rc2 Rc5 47. Bxf7+ Kxf7 48. Kf1 Ke6 49. Ke2 Ke5 50. Kd3 Bb2 51. Nd1 Ba1 52. Ke3 Rd5 53. f4+ Ke6 54. Nxc3 Rc5 55. Kd3 Bxc3 56. Rxc3 Rd5+ 57. Ke3 Rd1 58.
Rc7 h5 59. Rc6+ Kf7 60. gxh5 gxh5 61. Rh6 Re1+ 62. Kf3 Rf1+ 63. Kg3 Rg1+ 64. Kf2 Ra1 65. Rxh5 Ra2+ 66. Kg3 Kg6 67. Rb5 Ra3+ 68. Kg4 Ra1 69. Rb6+ Kg7 70. h4 Rg1+ 71. Kf5 Rh1 72. Kg5 Rg1+ 73. Kh5 Rf1 74. Kg4 Rg1+ 75. Kf5 Rh1 76. Rb7+ Kh6 77. Rb8 Kg7 78. Rb7+ Kh6 79. Kf6 Rxh4 80.
f5 Rh1 81. Kf7 Rf1 82. f6 Kh7 83. Rb2 Rh1 84. Re2 Rh3 85. Ke7 Kg8 86. f7+ 1-0